 Dungeon Crawl Stone Soup version 0.26-a0-660-gc07710193c (webtiles) character file.

Game seed: 505725467053602669

168 jasper the Sneak (level 5, -4/24 HPs)
             Began as a Spriggan Venom Mage on Oct 6, 2020.
             Slain by a centaur (7 damage)
             ... on level 5 of the Dungeon.
             The game lasted 00:06:15 (3914 turns).

jasper the Sneak (Spriggan Venom Mage)              Turns: 3914, Time: 00:06:17

Health: -4/24      AC:  3    Str:  4    XL:     5   Next: 24%
Magic:  6/11       EV: 19    Int: 18    God:
Gold:   208        SH:  0    Dex: 16    Spells: 2/11 levels left

rFire    . . .     SeeInvis +   i - +0 flail (holy)
rCold    . . .     Faith    .   (shield restricted)
rNeg     . . .     Spirit   .   a - +0 robe
rPois    .         Reflect  .   r - +1 hat
rElec    .         Harm     .   (no cloak)
rCorr    .         Rampage  .   (gloves unavailable)
MR       .....                  (boots unavailable)
Stlth    +++.......             q - amulet of inaccuracy (curse)
HPRegen  0.08/turn              (no ring)
MPRegen  0.12/turn              (no ring)

@: very slightly contaminated, very quick
A: very small, unfitting armour, see invisible, speed 3
a: no special abilities


You were on level 5 of the Dungeon.
You visited 1 branch of the dungeon, and saw 5 of its levels.

You collected 208 gold pieces.

Inventory:

Hand Weapons
 e - a +0 mace
 i - a +0 flail of holy wrath (weapon)
Missiles
 b - 133 stones (quivered)
 f - 26 sling bullets
 h - 36 poisoned darts
 w - 6 curare-tipped darts
Armour
 a - a +0 robe (worn)
 r - a +1 hat (worn)
Jewellery
 q - a cursed amulet of inaccuracy (around neck)
 u - an uncursed amulet of guardian spirit {unknown}
Scrolls
 c - 2 scrolls of enchant weapon {unknown}
 g - 4 scrolls of teleportation {unknown}
 m - 4 scrolls of identify {unknown}
 n - a scroll of blinking {unknown}
 o - a scroll of fear {unknown}
 p - a scroll of random uselessness {unknown}
 v - a scroll of remove curse {unknown}
 y - a scroll of magic mapping {unknown}
 z - a scroll of fog {unknown}
Potions
 d - a potion of lignification {unknown}
 j - a potion of flight {unknown}
 k - a potion of invisibility {unknown}
 l - 3 potions of brilliance {unknown}
 s - a potion of haste {unknown}
 t - a potion of berserk rage {unknown}
 x - 2 potions of stabbing {unknown}


   Skills:
 - Level 3.8 Dodging
 * Level 4.5 Stealth
 + Level 3.5 Spellcasting
 + Level 0.8 Conjurations
 + Level 2.8 Transmutations
 + Level 0.5 Fire Magic
 + Level 1.1 Air Magic
 + Level 3.6 Poison Magic


You had 2 spell levels left.
You knew the following spells:

 Your Spells              Type           Power        Failure   Level
a - Sting                 Tmut/Pois      ##..         4%          1
b - Poisonous Vapours     Pois/Air       ##....       9%          2
c - Mephitic Cloud        Conj/Pois/Air  #.......     22%         3
d - Ignite Poison         Fire/Tmut/Pois ##......     19%         3

Your spell library contained the following spells:

 Spells                   Type           Power        Failure   Level
 Olgreb's Toxic Radiance  Pois           ###.....     34%         4


Dungeon Overview and Level Annotations

Branches:
Dungeon (5/15)
 Temple: D:4-7

Altars:

Annotations:
D:3 Grinder


Innate Abilities, Weirdness & Mutations

You are very small and have problems with some larger weapons.
You are too small for most types of armour.
You have supernaturally acute eyesight. (SInv)
You cover ground extremely quickly.


Message History

Okay, then.
Unknown command.
Casting: Poisonous Vapours (safe; 9% risk of failure)
Confirm with . or Enter, or press ? or * to list all spells.
Aiming: Sting (safe; 4% risk of failure)
Press: ? - help, Shift-Dir - straight line, f/p - centaur
Aim: a centaur, quivering 6 arrows (severely wounded, very poisoned)
The sting hits the centaur.
The centaur looks even sicker.
The centaur is severely wounded.
The centaur misses you.
Unknown command.
Casting: Sting (safe; 4% risk of failure)
Confirm with . or Enter, or press ? or * to list all spells.
Aiming: Sting (safe; 4% risk of failure)
Press: ? - help, Shift-Dir - straight line, f/p - centaur
Aim: a centaur, quivering 6 arrows (severely wounded, very poisoned)
The sting hits the centaur.
The centaur looks as sick as possible!
The centaur is severely wounded.
The centaur closely misses you. The centaur hits you!
You die...

..... #... #...
#..# #..# #..#
#..# #
#<.#.###..
#.@.......
........c.###..
#####?.####
#.## #. #. #.


You could see a centaur (extremely poisoned).

Vanquished Creatures
  An orc wizard (D:4)
  A bullfrog skeleton (D:4)
  A gnoll (D:1)
  4 adders
  2 oozes
  A worm (D:2)
  2 dart slugs (D:3)
  A leopard gecko (D:1)
  4 orcs (D:4)
  2 giant cockroaches
  7 goblins
  6 hobgoblins
  A quokka (D:4)
  A ball python (D:3)
  5 bats
  4 frilled lizards
  4 kobolds
  4 rats
51 creatures vanquished.

Notes
Turn   | Place    | Note
-------+----------+-------------------------------------------
     0 | D:1      | jasper the Spriggan Venom Mage began the quest for the Orb.
     0 | D:1      | Reached XP level 1. HP: 9/9 MP: 5/5
   372 | D:1      | Reached XP level 2. HP: 13/13 MP: 3/6
   376 | D:1      | Learned a level 2 spell: Poisonous Vapours
   848 | D:1      | Reached XP level 3. HP: 16/16 MP: 1/8
   853 | D:1      | Learned a level 3 spell: Mephitic Cloud
  2154 | D:2      | Reached XP level 4. HP: 21/21 MP: 6/10
  2205 | D:2      | Learned a level 3 spell: Ignite Poison
  2687 | D:3      | Reached skill level 4 in Stealth
  2845 | D:3      | Noticed Grinder
  2870 | D:3      | Noticed a black bear
  3482 | D:4      | Reached skill level 1 in Air Magic
  3546 | D:4      | Reached XP level 5. HP: 20/24 MP: 4/11
  3906 | D:5      | Entered Level 5 of the Dungeon
  3906 | D:5      | Noticed a centaur
  3914 | D:5      | Slain by a centaur

Illustrated notes

Levels and vault maps discovered:
D:1:      dpeg_arrival_rhombi, layout_loops_corners, palyth_stone_intersect
D:2:      layout_basic, nicolae_overflow_hidden_temple
D:3:      layout_loops_ring, kennysheep_doodads, uniq_grinder
D:4:      layout_basic
D:5:      layout_loops_ring, portal_sewer_entry_e

Skill      XL: |  1  2  3  4 |
---------------+-------------+-----
Spellcasting   | 3 |  3.5
Transmutations | 2 |  2.8
Stealth        | 4 |  4.5
Air Magic      | 1 |  1.1
Dodging        | |  3.8
Conjurations   | |  0.8
Fire Magic     | |  0.5
Poison Magic   | |  3.6

Action                   |  1- 3 |  4- 6 || total
-------------------------+-------+-------++-------
Melee: Flail             |     5 |    13 ||    18
Throw: Stone             |    30 |     5 ||    35
 Cast: Sting             |    14 |     3 ||    17
       Poisonous Vapours |    31 |    28 ||    59
Armor: Robe              |     2 |     1 ||     3
Dodge: Dodged            |     9 |    15 ||    24

Table legend: (Time is in decaauts)
 A = Elapsed time spent in this place.
 B = Non-inter-level travel time spent in this place.
 C = Inter-level travel time spent in this place.
 D = Time resting spent in this place.
 E = Time spent auto-exploring this place.
 F = Levels seen in this place.
 G = Mean time per level.
                   A        B        C        D        E       F      G
               +--------+--------+--------+--------+--------+-----+--------+
         Total |   3012 |   2951 |     61 |    384 |   2226 |   5 |  602.4 |
       Dungeon |   3012 |   2951 |     61 |    384 |   2226 |   5 |  602.4 |
               +--------+--------+--------+--------+--------+-----+--------+

Top non-repeatable levels by time:
     D:1: 964 daAuts
     D:2: 897 daAuts
     D:4: 629 daAuts
     D:3: 511 daAuts
     D:5: 8 daAuts
